 Dungeon Crawl Stone Soup version 0.29.1-2-gbd0b4ee654 (webtiles) character file.

Game seed: 18247800541959217789

3 raph the Grave Robber (level 1, 0/13 HPs)
             Began as a Human Necromancer on Nov 5, 2022.
             Slain by a giant cockroach (1 damage)
             ... on level 1 of the Dungeon.
             The game lasted 00:00:34 (95 turns).

raph the Grave Robber (Human Necromancer)             Turns: 95, Time: 00:00:35

Health: 0/13       AC:  2    Str:  8    XL:     1   Next: 55%
Magic:  0/3        EV: 12    Int: 15    God:
Gold:   17         SH:  0    Dex: 13    Spells: 3/4 levels left

rFire   . . .      SeeInvis .   (no weapon)
rCold   . . .      Faith    .   (no shield)
rNeg    . . .      Spirit   .   a - +0 robe
rPois   .          Reflect  .   (no helmet)
rElec   .          Harm     .   (no cloak)
rCorr   .          Rampage  .   (no gloves)
Will    .....                   (no boots)
Stlth   ++........              (no amulet)
HPRegen 0.04/turn               (no ring)
MPRegen 0.08/turn               (no ring)

@: no status effects
A: no striking features
a: no special abilities


You were on level 1 of the Dungeon.
You visited 1 branch of the dungeon, and saw 1 of its levels.

You collected 17 gold pieces.

Inventory:

Armour
 a - a +0 robe (worn)
Potions
 b - a potion of magic


   Skills:
 - Level 2.0 Dodging
 - Level 2.0 Stealth
 - Level 2.0 Spellcasting
 + Level 4.2 Necromancy


You had 3 spell levels left.
You knew the following spells:

 Your Spells              Type           Power      Damage    Failure   Level
a - Necrotise             Necr           56%        1d6       4%          1

Your spell library contained the following spells:

 Spells                   Type           Power      Damage    Failure   Level
 Vampiric Draining        Necr           14%        2d7       12%         3
 Animate Dead             Necr           14%        N/A       36%         4
 Agony                    Necr           14%        N/A       73%         5


Dungeon Overview and Level Annotations

Branches:
Dungeon (1/15)

Altars:


Message History

Attack!
An endoplasm comes into view.
The giant cockroach closely misses you.
You barely miss the giant cockroach. The giant cockroach barely misses you.
Your quokka skeleton misses the giant cockroach.
Casting: Necrotise (safe; 4% risk of failure)
Confirm with . or Enter, or press ? or * to list all spells.
Aiming: Necrotise (safe; 4% risk of failure)
Press: ? - help, Shift-Dir - straight line, f/p - giant cockroach
Aim: a giant cockroach (ally target, chance to affect: 84%)
The giant cockroach writhes in agony.
The giant cockroach barely misses you.
Your quokka skeleton closely misses the giant cockroach.
You hit the giant cockroach but do no damage.
The giant cockroach is heavily wounded.
The giant cockroach bites you.
* * * LOW HITPOINT WARNING * * *
Your quokka skeleton barely misses the giant cockroach.
The giant cockroach barely misses you.
The giant cockroach attacks as you move away!
The giant cockroach barely misses you.
You see here a +0 ring mail.
The giant cockroach attacks as you move away!
The giant cockroach barely misses you.
Casting: Necrotise (safe; 4% risk of failure)
Confirm with . or Enter, or press ? or * to list all spells.
Aiming: Necrotise (safe; 4% risk of failure)
Press: ? - help, Shift-Dir - straight line, f/p - giant cockroach
Aim: a giant cockroach (heavily wounded, ally target, chance to affect: 84%)
The giant cockroach barely resists.
The giant cockroach closely misses you.
Your quokka skeleton bites the giant cockroach.
The giant cockroach bites you.
* * * LOW HITPOINT WARNING * * *
The endoplasm hits your quokka skeleton.
Found 4 stones.
Your quokka skeleton crumbles into dust!
The giant cockroach waves its antennae.
The giant cockroach waves its antennae.
Found a dagger.
The giant cockroach bites you.
You die...

#[♣..PP..PP♣
#######.♣Z..P..PP♣
........♣P.J.PP..♣
####..#.♣PP.<.P..♣
#.##J♣..P...PP♣
###.##.♣..PP...P♣
#......♣PP..P...♣
##.....B♣PP..PP..♣
.......@♣♣♣♣♣♣♣♣♣..
##............. ...
#.....#....... ...
.....## (####.. .#
..... .# ###.# .#
#) .. ##


You could see an endoplasm and a giant cockroach.

Vanquished Creatures
  A hobgoblin (D:1)
  A quokka (D:1)
  A frilled lizard (D:1)
3 creatures vanquished.

Notes
Turn   | Place    | Note
-------+----------+-------------------------------------------
     0 | D:1      | raph the Human Necromancer began the quest for the Orb.
     0 | D:1      | Reached XP level 1. HP: 13/13 MP: 3/3
    95 | D:1      | Slain by a giant cockroach

Illustrated notes

Levels and vault maps discovered:
D:1:      scummos_arrival_checkerplants, layout_loops_ring,
          shapermc_ecumenical_altar_starsandcircs, minmay_tree_intersection,
          feat_on_display

Action                   || total
-------------------------++-------
Melee: Unarmed           ||     7
 Cast: Necrotise         ||     8
Armor: Robe              ||     1
Dodge: Dodged            ||    16
